 Seeded DCSS version 0.28.0-47-ge53b351184 (webtiles) character file.

Game seed: 523019199727972820 (custom seed)

118919 thiscave3701365 the Axe Maniac (level 16, -8/220 HPs)
             Began as a Minotaur Berserker on May 10, 2022.
             Was a High Priest of Trog.
             Mangled by a +2 battleaxe of freezing (11 damage)
             ... on level 2 of the Elven Halls.
             The game lasted 01:06:32 (40837 turns).

thiscave3701365 the Axe Maniac (MiBe)              Turns: 40837, Time: 01:06:33

Health: -8/220     AC: 31    Str: 41    XL:     16   Next: 26%
Magic:  33/33      EV:  9    Int:  4    God:    Trog [*****.]
Gold:   749        SH:  5    Dex: 14    Spells: 15/15 levels left

rFire   + . .      SeeInvis .   j - +2 executioner's axe (elec)
rCold   + + .      Faith    .   (shield currently unavailable)
rNeg    . . .      Spirit   .   w - +1 crystal plate armour
rPois   +          Reflect  +   (helmet restricted)
rElec   .          Harm     .   G - +0 cloak
rCorr   .          Rampage  +   H - +2 pair of gloves "Dethradghoan" {Rampage Regen+ MP+9 Str+4}
Will    +....                   E - +0 pair of boots
Stlth   ..........              T - amulet of Jozyi {Reflect Rampage rPois SH+5}
HPRegen 1.26/turn               L - ring "Juneag" {rPois MP+9}
MPRegen 0.23/turn               S - ring "Fazxat" {rF+ rC++ Str+6 Dex+5}

@: berserking, lethally poisoned (-8 -> -8), very quick
A: horns 2, retaliatory headbutt
a: Renounce Religion, Berserk, Trog's Hand, Brothers in Arms


You were on level 2 of the Elven Halls.
You worshipped Trog.
Trog was extremely pleased with you.
You visited 4 branches of the dungeon, and saw 25 of its levels.
You also visited: Volcano.

You collected 2833 gold pieces.
You spent 2084 gold pieces at shops.

Inventory:

Hand Weapons
 j - a +2 executioner's axe of electrocution (weapon)
 Q - a +2 great mace of flaming
 U - a +5 battleaxe of flaming
Missiles
 i - 2 throwing nets
Armour
 w - a +1 crystal plate armour (worn)
 y - a +0 tower shield
 E - a +0 pair of boots (worn)
 G - a +0 cloak (worn)
 H - the +2 pair of gloves "Dethradghoan" (worn) {Rampage Regen+ MP+9 Str+4}
   (You found it on level 2 of the Lair of Beasts)

   Str:       It affects your strength (+4).
   MP:        It affects your magic capacity (+9).
   Regen:     It increases your rate of health regeneration.
   Rampage:   It bestows one free step when moving towards enemies.
Jewellery
 r - an amulet of guardian spirit
 z - an amulet of regeneration
 L - the ring "Juneag" (left hand) {rPois MP+9}
   (You found it on level 3 of the Lair of Beasts)

   [ring of magical power]

   rPois:     It protects you from poison.
   MP:        It affects your magic capacity (+9).
 O - the amulet of Iminoy {Faith Harm +Blink Will- Str+5}
   (You found it on level 1 of the Orcish Mines)

   [amulet of faith]

   It allows you to gain divine favour quickly.
   Str:       It affects your strength (+5).
   +Blink:    It lets you blink.
   Harm:      It increases damage dealt and taken.
   Will:      It decreases your willpower.
 S - the ring "Fazxat" (right hand) {rF+ rC++ Str+6 Dex+5}
   (You bought it in a shop on level 2 of the Orcish Mines)

   [ring of strength]

   Str:       It affects your strength (+6).
   Dex:       It affects your dexterity (+5).
   rF:        It protects you from fire.
   rC:        It greatly protects you from cold.
 T - the amulet of Jozyi (around neck) {Reflect Rampage rPois SH+5}
   (You bought it in a shop on level 2 of the Orcish Mines)

   [amulet of reflection]

   It reflects blocked missile attacks.
   rPois:     It protects you from poison.
   SH:        It affects your SH (+5).
   Rampage:   It bestows one free step when moving towards enemies.
Wands
 h - a wand of charming (4)
 l - a wand of paralysis (13)
 m - a wand of mindburst (12)
 v - a wand of flame (58)
 A - a wand of acid (6)
 D - a wand of polymorph (5)
 F - a wand of iceblast (9)
Scrolls
 c - a scroll of fog
 e - 4 scrolls of teleportation
 n - 2 scrolls of summoning
 o - a scroll of vulnerability
 t - 2 scrolls of blinking
 x - 5 scrolls of identify
 I - 4 scrolls of fear
 W - a scroll of silence
Potions
 a - 4 potions of cancellation
 b - a potion of mutation
 d - 9 potions of curing
 f - 3 potions of berserk rage
 g - 2 potions of resistance
 k - 2 potions of lignification
 p - 4 potions of invisibility
 q - a potion of might
 s - 9 potions of heal wounds
 B - 4 potions of attraction
 C - 4 potions of brilliance
 N - 3 potions of degeneration
 P - 2 potions of experience
 R - 4 potions of haste
 X - a potion of ambrosia
 Z - 2 potions of flight
Miscellaneous
 u - a lightning rod (4/4)
 J - a piece from Xom's chessboard (15/15)
 K - a box of beasts
 M - a condenser vane


   Skills:
 + Level 14.9 Fighting
 O Level 27 Axes
 + Level 14.9 Armour
 + Level 3.3 Dodging
 + Level 2.7 Stealth
 + Level 2.7 Shields


You had 15 spell levels left.
You didn't know any spells.
Your spell library was empty.

Dungeon Overview and Level Annotations

Branches:
Dungeon (15/15)            Temple (0/1) D:4            Lair (6/6) D:10
  Swamp (0/4) Lair:2        Snake (0/4) Lair:3        Slime (0/5) Lair:5
    Orc (2/2) D:12            Elf (2/3) Orc:2        Vaults (0/5) D:14
 Depths (0/4) D:15        Volcano (visited)

Altars:
Ashenzari
Nemelex Xobeh

Shops:
D:7 *   D:14 (   Orc:2 ![=[

Annotations:
D:15 1 runed translucent door, brae's ghost, adept HuBe


Innate Abilities, Weirdness & Mutations

You have a pair of horns on your head.
You reflexively headbutt those who attack you in melee.


Message History

The +5 vorpal glaive hits you.
* * * LOW HITPOINT WARNING * * *
x2 The deep elf zephyrmancer casts a spell at you.
The bolt of lightning hits you!!
* * * LOW HITPOINT WARNING * * *
The +0 glaive of venom hits you but does no damage.
You are more poisoned.
You carve the deep elf zephyrmancer like a ham!!!
You kill the deep elf zephyrmancer!
Trog accepts your kill.
Trog appreciates your killing of a magic user.
You slash the +5 vorpal glaive!
You feel sick. The +5 vorpal glaive hits you.
* * * LOW HITPOINT WARNING * * *
x2 You rampage towards the +0 glaive of venom!
You open the +0 glaive of venom like a pillowcase!!!
The +0 glaive of venom falls from the air.
Trog accepts your kill.
You feel sick.
The +5 vorpal glaive hits you but does no damage.
You feel sick.
The +2 battleaxe of freezing hits you but does no damage.
You see here a +0 glaive of venom.
You barely miss the +2 battleaxe of freezing.
Your headbutt misses the +2 battleaxe of freezing.
You feel sick.
You closely miss the +2 battleaxe of freezing.
Your headbutt misses the +2 battleaxe of freezing.
You feel sick. The +2 battleaxe of freezing hits you!
* * * LOW HITPOINT WARNING * * *
The +2 battleaxe of freezing freezes you.
* * * LOW HITPOINT WARNING * * *
The +5 vorpal glaive hits you but does no damage.
You miss the +2 battleaxe of freezing.
You feel sick.
A deep elf knight comes into view.
Unknown command.
You barely miss the +2 battleaxe of freezing.
The deep elf knight shouts!
You headbutt the +2 battleaxe of freezing, but do no damage.
You feel sick. The +2 battleaxe of freezing hits you!
You die...

#.# ##...''#++.
...##.....###...
.................
#...............
##.....)........
##.............
##....(.........
.#.....).........
.......@.........
......(.........
...............
...............
...............
...............
e..............
...............


You could see a deep elf knight and 2 dancing weapons.

Vanquished Creatures
  A fire giant (D:15)
  A deep elf sorcerer (Elf:2)
  The ghost of frustraionsimulator the Protected, a journeyman MiMo of Gozag (Orc:1)
  The ghost of NinjaNoafa the Fighter, a journeyman HOMo of Ru (Lair:6)
  2 deep elf elementalists (Elf:2)
  Azrael (Orc:1)
  A deep elf annihilator (Elf:2)
  A deep elf demonologist (Elf:2)
  Nessos (Lair:4)
  Josephine (D:10)
  Fannar (Lair:1)
  9 hydras
  2 boulder beetles (D:15)
  A centaur warrior (D:14)
  4 catoblepae
  4 ogre magi (Orc:2)
  12 two-headed ogres
  A death knight (D:14)
  Erica (D:10)
  9 dancing weapons
  2 tengu warriors
  An orc high priest (Orc:1)
  Urug (D:10)
  Nergalle (D:10)
  The ghost of Typ3r5 the Protected, a novice MiFi of Okawaru (D:9)
  Sonja (Lair:4)
  3 deep elf knights
  A fire crab (Lair:6)
  4 skeletal warriors
  6 deep elf archers (Elf:2)
  14 deep elf pyromancers
  A necromancer (Lair:2)
  4 oklob plants (Lair:5)
  An orc knight (Orc:1)
  7 deep elf zephyrmancers
  A manticore (D:13)
  4 cyclopes
  6 ugly things
  9 black mambas
  2 molten gargoyles (Volcano)
  Joseph (Lair:1)
  2 torpor snails
  A cane toad (shapeshifter) (D:14)
  4 cane toads
  2 freezing wraiths (D:14)
  A rime drake (Lair:2)
  3 efreet
  10 komodo dragons
  5 polar bears (Lair:6)
  3 trolls
  Grinder (D:5)
  5 hornets
  38 blink frogs
  8 slime creatures
  6 dream sheep
  A blink frog (shapeshifter) (D:15)
  2 air elementals
  12 spriggans (Lair:6)
  5 shadows
  2 wyverns (Lair:3)
  A water elemental (Elf:1)
  88 yaks
  4 wraiths
  2 steam dragons
  5 fire elementals
  6 vampire mosquitoes
  Menkaure (D:4)
  2 basilisks
  2 wargs (Orc:1)
  3 nagas (Lair:3)
  2 acid dragons
  3 hell hounds (Orc:1)
  12 water moccasins
  22 orc warriors
  4 black bears
  A sky beast (D:7)
  43 wolves
  5 boggarts (Lair:6)
  A necrophage (D:6)
  34 ogres
  12 centaurs
  A phantom (D:4)
  2 kobold brigands
  13 bullfrogs
  6 earth elementals
  A wyvern zombie (D:6)
  4 scorpions
  A wyvern skeleton (D:6)
  5 killer bees (D:9)
  9 wights
  The ghost of Holdthepickle the Prestidigitator, a weakling GnWn (D:3)
  2 electric eels (Lair:2)
  A howler monkey (D:4)
  4 centaur zombies
  17 orc priests
  2 gnoll shamans
  A jelly (D:6)
  10 hounds
  5 iguanas
  Ijyb (D:4)
  17 orc wizards
  6 hell rats (Lair:5)
  4 polar bear simulacra (Lair:2)
  2 wolf simulacra (Lair:2)
  3 yak simulacra (Lair:2)
  A hound zombie (D:5)
  A hound skeleton (D:4)
  6 gnolls
  A howler monkey zombie (D:9)
  8 adders
  A hound simulacrum (D:3)
  A white imp (D:7)
  An ufetubus (D:5)
  An adder skeleton (D:4)
  3 worms
  A dart slug (D:4)
  An adder simulacrum (D:3)
  83 orcs
  12 endoplasms
  3 giant cockroaches
  3 goblins
  5 hobgoblins
  6 quokkas
  8 ball pythons
  A ball python simulacrum (D:3)
  6 bats
  A frilled lizard (D:1)
  15 kobolds
  8 rats
  2 river rat simulacra (Lair:2)
  3 fire vortices (Volcano)
790 creatures vanquished.

Vanquished Creatures (others)
  A deep elf zephyrmancer (Elf:2)
  A deep elf pyromancer (Elf:2)
  2 orcs (Orc:2)
  2 fire vortices (Volcano)
  26 fungi
  45 plants
77 creatures vanquished.

Grand Total: 867 creatures vanquished

Notes
Turn   | Place    | Note
-------+----------+-------------------------------------------
     0 | D:1      | thiscave3701365 the Minotaur Berserker began the quest for
                  | the Orb.
     0 | D:1      | Reached XP level 1. HP: 19/19 MP: 0/0
   307 | D:1      | Reached skill level 4 in Axes
   307 | D:1      | Reached XP level 2. HP: 26/27 MP: 1/1
   846 | D:1      | Found a faded altar of an unknown god.
  1289 | D:2      | Reached XP level 3. HP: 33/33 MP: 2/2
  1721 | D:2      | Found a broken altar of Ashenzari.
  2419 | D:3      | Reached XP level 4. HP: 41/41 MP: 3/3
  2461 | D:3      | Reached ** piety under Trog
  2496 | D:3      | Found a runed translucent gate.
  2513 | D:3      | Found a runed translucent gate.
  2513 | D:3      | Found a runed translucent gate.
  2546 | D:3      | Noticed Holdthepickle's ghost (weakling GnWn)
  3114 | D:4      | Reached skill level 5 in Axes
  3168 | D:4      | Noticed Ijyb
  3177 | D:4      | Killed Ijyb
  3262 | D:4      | Reached XP level 5. HP: 47/47 MP: 4/4
  3266 | D:4      | Reached skill level 6 in Axes
  3361 | D:4      | Noticed a phantom
  3369 | D:4      | Killed a phantom
  3370 | D:4      | Reached skill level 7 in Axes
  3370 | D:4      | Reached XP level 6. HP: 38/53 MP: 5/5
  4115 | D:4      | Found a staircase to the Ecumenical Temple.
  4181 | D:4      | Reached skill level 8 in Axes
  4711 | D:4      | Reached XP level 7. HP: 60/60 MP: 6/6
  4787 | D:4      | Reached skill level 9 in Axes
  4877 | D:5      | Entered Level 5 of the Dungeon
  4877 | D:5      | Noticed Menkaure
  5764 | D:4      | Killed Menkaure
  5952 | D:5      | Reached skill level 10 in Axes
  6581 | D:5      | Noticed Grinder
  6590 | D:5      | Paralysed by Grinder for 5 turns
  6600 | D:5      | Paralysed by Grinder for 3 turns
  6679 | D:5      | Paralysed by Grinder for 5 turns
  6691 | D:5      | Killed Grinder
  6692 | D:5      | Reached skill level 11 in Axes
  6692 | D:5      | Reached XP level 8. HP: 48/67 MP: 7/7
  8083 | D:6      | Reached skill level 12 in Axes
  8277 | D:6      | Reached skill level 1 in Stealth
  8574 | D:6      | Reached skill level 5 in Fighting
  9058 | D:7      | Identified a scroll of acquirement
  9058 | D:7      | Acquired a +1 vorpal executioner's axe
  9103 | D:7      | Reached skill level 13 in Axes
  9103 | D:7      | Reached XP level 9. HP: 61/74 MP: 8/8
  9830 | D:7      | Found a sparkling altar of Nemelex Xobeh.
  9937 | D:7      | Found Poej's Elemental Accessories.
  9945 | D:7      | Bought a lightning rod (4/4) for 360 gold pieces
  9990 | D:8      | Noticed a two-headed ogre
 10000 | D:8      | Killed a two-headed ogre
 10001 | D:8      | Reached skill level 14 in Axes
 10089 | D:8      | Reached skill level 5 in Armour
 10104 | D:8      | Reached *** piety under Trog
 10541 | D:8      | Reached XP level 10. HP: 85/86 MP: 9/9
 10550 | D:8      | Reached skill level 15 in Axes
 10957 | D:8      | Noticed a seven-headed hydra
 10964 | D:8      | Killed a ten-headed hydra
 12305 | D:9      | Reached skill level 16 in Axes
 12360 | D:9      | Noticed a seven-headed hydra
 12367 | D:9      | Killed an 11-headed hydra
 12553 | D:9      | Reached XP level 11. HP: 74/97 MP: 10/10
 12779 | D:9      | Found a runed translucent door.
 12784 | D:9      | Noticed Typ3r5's ghost (novice MiFi)
 13038 | D:3      | Killed Holdthepickle's ghost
 13185 | D:10     | Entered Level 10 of the Dungeon
 13186 | D:10     | Noticed Josephine
 13195 | D:10     | Killed Josephine
 13200 | D:10     | Reached **** piety under Trog
 13203 | D:10     | Reached skill level 17 in Axes
 13582 | D:10     | Noticed Erica
 13586 | D:10     | Noticed Nergalle
 13591 | D:10     | Killed Erica
 13600 | D:10     | Killed Nergalle
 13744 | D:10     | Found a staircase to the Lair.
 14105 | D:10     | Noticed Urug
 14113 | D:10     | Killed Urug
 14114 | D:10     | Reached skill level 10 in Fighting
 14772 | D:10     | Reached skill level 18 in Axes
 15175 | D:11     | Noticed a tengu warrior
 15186 | D:11     | Killed a tengu warrior
 15760 | D:11     | Noticed a white ugly thing
 15767 | D:11     | Killed a white ugly thing
 15943 | D:11     | Reached XP level 12. HP: 86/108 MP: 11/11
 16059 | D:12     | Noticed a two-headed ogre
 16064 | D:12     | Killed a two-headed ogre
 16356 | D:12     | Found a staircase to the Orcish Mines.
 16812 | D:12     | Noticed a two-headed ogre
 16818 | D:12     | Killed a two-headed ogre
 16819 | D:12     | Reached skill level 19 in Axes
 17389 | Lair:1   | Entered Level 1 of the Lair of Beasts
 17475 | Lair:1   | Noticed Fannar
 17482 | Lair:1   | Killed Fannar
 17751 | Lair:1   | You fall into a shaft and drop 1 floor!
 17759 | Lair:2   | Reached skill level 20 in Axes
 18086 | Lair:2   | Noticed a four-headed hydra
 18092 | Lair:2   | Killed a six-headed hydra
 18140 | Lair:2   | Noticed a seven-headed hydra
 18157 | Lair:2   | Killed a 16-headed hydra
 18163 | Lair:2   | Reached skill level 21 in Axes
 18414 | Lair:2   | Found a staircase to the Swamp.
 19090 | Lair:2   | Noticed a five-headed hydra
 19103 | Lair:2   | Killed a ten-headed hydra
 19108 | Lair:2   | HP: 5/108 [poisoned by a black mamba]
 19113 | Lair:2   | HP: 3/108 [poisoned by a black mamba]
 19240 | Lair:2   | Noticed a four-headed hydra
 19252 | Lair:2   | Killed an 11-headed hydra
 19253 | Lair:2   | Reached XP level 13. HP: 112/115 MP: 12/12
 19552 | Lair:2   | Identified the +2 pair of gloves "Dethradghoan" {Rampage
                  | Regen+ MP+9 Str+4}
 21479 | Lair:1   | Reached skill level 22 in Axes
 21713 | Lair:1   | Noticed Joseph
 21727 | Lair:1   | Killed Joseph
 22568 | Lair:3   | Reached ***** piety under Trog
 22574 | Lair:3   | Reached skill level 23 in Axes
 22774 | Lair:3   | Found a staircase to the Snake Pit.
 23407 | Lair:3   | Identified the ring "Juneag" {rPois MP+9}
 23860 | Lair:4   | Noticed Sonja
 23875 | Lair:4   | Killed Sonja
 24130 | Lair:4   | Reached skill level 24 in Axes
 24722 | Lair:4   | Noticed Nessos
 24734 | Lair:4   | Killed Nessos
 24978 | Lair:4   | Reached XP level 14. HP: 122/122 MP: 13/13
 25263 | Lair:5   | Found a dark tunnel.
 25272 | Volcano  | Entered a volcano
 26777 | Lair:5   | Reached skill level 25 in Axes
 27482 | Lair:5   | Found a staircase to the Slime Pits.
 27728 | Lair:6   | Entered Level 6 of the Lair of Beasts
 27963 | Lair:6   | Reached skill level 26 in Axes
 28014 | Lair:6   | Received a gift from Trog
 28710 | Lair:6   | Found a runed translucent gate.
 28711 | Lair:6   | Found a runed translucent gate.
 28711 | Lair:6   | Noticed NinjaNoafa's ghost (journeyman HOMo)
 28712 | Lair:6   | Found a runed translucent gate.
 29446 | D:9      | Killed Typ3r5's ghost
 29768 | Orc:1    | Entered Level 1 of the Orcish Mines
 29772 | Orc:1    | Found a runed translucent gate.
 29772 | Orc:1    | Found a runed translucent gate.
 29772 | Orc:1    | Found a runed translucent gate.
 29775 | Orc:1    | Noticed frustraionsimulator's ghost (journeyman MiMo)
 30146 | Orc:2    | Entered Level 2 of the Orcish Mines
 30146 | Orc:2    | Noticed Azrael
 30173 | Orc:1    | Killed Azrael
 30388 | Orc:2    | Found a staircase to the Elven Halls.
 30582 | Orc:1    | Received a gift from Trog
 30586 | Orc:1    | Reached skill level 27 in Axes
 30586 | Orc:1    | Reached skill level 10 in Armour
 30671 | Orc:1    | Reached XP level 15. HP: 107/128 MP: 14/14
 31399 | Orc:2    | Found Vepn's Distillery.
 31399 | Orc:2    | Found Vogom's Jewellery Shop.
 31987 | Orc:2    | Found Inlyseno's Antique Armour Shoppe.
 31987 | Orc:2    | Found Digohaur's Antique Armour Shop.
 32291 | Orc:2    | Bought the ring "Fazxat" {rF+ rC++ Str+6 Dex+5} for 1103
                  | gold pieces
 32295 | Orc:2    | Bought a potion of curing for 42 gold pieces
 32295 | Orc:2    | Bought a potion of curing for 42 gold pieces
 32295 | Orc:2    | Bought a potion of curing for 42 gold pieces
 32295 | Orc:2    | Bought a potion of curing for 42 gold pieces
 32372 | Orc:2    | Bought the amulet of Jozyi {Reflect Rampage rPois SH+5} for
                  | 453 gold pieces
 32562 | Orc:1    | Killed frustraionsimulator's ghost
 32562 | Orc:1    | Received a gift from Trog
 32600 | Orc:1    | Identified the amulet of Iminoy {Faith Harm +Blink Will-
                  | Str+5}
 32863 | Lair:6   | Killed NinjaNoafa's ghost
 35797 | D:14     | Found Egraezat's Antique Weapon Emporium.
 35979 | D:14     | Found a gate to the Vaults.
 36186 | D:15     | Entered Level 15 of the Dungeon
 36346 | D:15     | Found a runed translucent door.
 36346 | D:15     | Noticed brae's ghost (adept HuBe)
 36505 | D:15     | Found a staircase to the Depths.
 36505 | D:15     | Noticed a fire giant
 36588 | D:15     | Killed a fire giant
 36589 | D:15     | Reached skill level 1 in Shields
 37308 | Elf:1    | Entered Level 1 of the Elven Halls
 38126 | Elf:2    | Paralysed by an air elemental for 1 turns
 38130 | Elf:2    | Received a gift from Trog
 38838 | Elf:2    | Noticed a deep elf sorcerer
 39305 | Elf:2    | Killed a deep elf sorcerer
 39437 | Elf:2    | Reached XP level 16. HP: 134/146 MP: 15/15
 40785 | Elf:2    | Found a runed translucent gate.
 40785 | Elf:2    | Found a runed translucent gate.
 40786 | Elf:2    | Found a runed translucent gate.
 40835 | Elf:2    | HP: 5/220 [+2 battleaxe of freezing (7)]
 40837 | Elf:2    | Mangled by a +2 battleaxe of freezing

Illustrated notes

Levels and vault maps discovered:
D:1:      minmay_arrival_floating_metal, layout_loops_corners,
          shapermc_ecumenical_altar_notcrosses, minivault_11
D:2:      layout_basic, basic_altar
D:3:      layout_basic, gammafunk_ghost_icy
D:4:      minmay_chambers_of_twos, layout_loops_cross,
          minmay_temple_entry_fiery, minmay_fractal_squares_5, uniq_ijyb
D:5:      layout_rooms, serial_bayou_lagoon_a, uniq_grinder, uniq_menkaure
D:6:      layout_loops_ring, grunt_decor_fettered, kennysheep_small_circle
D:7:      layout_loops_ring, mainiacjoe_overflow_small_starburst,
          nicolae_elemental_shop
D:8:      layout_rooms
D:9:      layout_stronghold, ebering_ghost_reflecting_pool
D:10:     layout_small_grid, erik_lair_island, uniq_urug, uniq_nergalle,
          uniq_josephine, uniq_erica
D:11:     layout_rooms, minivault_25_ag
D:12:     layout_roguey, hiddenorc2_lemuel
D:13:     layout_basic, hex_intersection
D:14:     layout_loops_corners, david_vaults_1, minmay_misc_feat_cross,
          serial_shops, kennysheep_mini
D:15:     grunt_enter_depths_giant_problem, layout_basic,
          chequers_serial_rivers_small_a, hellmonk_ghost_happy_afterlife
Lair:1:   layout_roguey, grunt_megastairs_4, lemuel_fruit_tree, uniq_fannar,
          uniq_joseph
Lair:2:   layout_cave_pods, swamp_mist, eino_house_with_fridge,
          serial_bayou_shore_a, infiniplex_staircase_pool_2
Lair:3:   nzn_winding_woodlands_three_and_one
          [nzn_winding_woodlands_5x15_pathside_ponds,
          nzn_winding_woodlands_5x15_sawtooth,
          nzn_winding_woodlands_5x15_zeroes,
          nzn_winding_woodlands_center_diamonds], layout_chaotic_city,
          guppyfry_snake_entry_island
Lair:4:   layout_cave_pods, chequers_serial_rivers_micro_e, grunt_megastairs_3,
          uniq_sonja, uniq_nessos
Lair:5:   layout_cave_shapes, minmay_slime_entry_oklob_open,
          nicolae_volcano_entry_lava_flow, minivault_26, minmay_lindwurm_lava
Lair:6:   minmay_lair_end_enchanted_forest, layout_cellular_growth,
          ebering_ghost_rock_garden
Orc:1:    layout_caves, gammafunk_ghost_split
Orc:2:    st_orc_ogre_mass, layout_caves, nicolae_orc_rockfall, uniq_azrael
Elf:1:    layout_gridlike, hangedman_corner_corridor
Elf:2:    elven_hall_of_blades_hangedman_original
          [nicolae_blade_entry_sentries_behind_glass], layout_geoelf_grid

Skill      XL: |  1  2  3  4  5  6  7  8  9 10 11 12 13 14 15 |
---------------+----------------------------------------------+-----
Axes           | 4 5 7 8 11 13 14 16 18 21 24 27 | 27.0
Fighting       | 4 5 7 9 10 14 | 14.9
Stealth        | 2 |  2.7
Dodging        | 3 |  3.3
Armour         | 3 5 7 9 10 14 | 14.9
Shields        | 2 |  2.7

Action                   |  1- 3 |  4- 6 |  7- 9 | 10-12 | 13-15 | 16-18 || total
-------------------------+-------+-------+-------+-------+-------+-------++-------
Melee: Hand axe          |    69 |    80 |   150 |       |       |       ||   299
       Headbutt          |     8 |     7 |    44 |    60 |   179 |    12 ||   310
       Punch             |       |     1 |       |       |       |       ||     1
       Executioner's axe |       |       |    96 |   365 |   950 |    87 ||  1498
Invok: Berserk           |     1 |     6 |    12 |    24 |    30 |     2 ||    75
  Use: Scroll            |       |       |    15 |     8 |     6 |     3 ||    32
 Stab: Sleeping          |     1 |       |       |       |       |       ||     1
       Petrified         |       |       |       |       |     6 |       ||     6
Armor: Animal skin       |     7 |    11 |     6 |       |       |       ||    24
       Crystal plate arm |       |       |   114 |   392 |   720 |    61 ||  1287
Dodge: Dodged            |    44 |    45 |   100 |   159 |   297 |    26 ||   671
Block: Tower shield      |       |       |     4 |       |       |       ||     4
       Other             |       |       |       |       |    19 |    14 ||    33
       Reflection        |       |       |       |       |     2 |     3 ||     5
